 Dungeon Crawl Stone Soup version 0.29-a0-334-gb41bcbb86e (webtiles) character file.

Game seed: 2935939328561856985

401 siradein the Bolt Thrower (level 6, -1/57 HPs)
             Began as a Naga Hunter on Apr 15, 2022.
             Was an Initiate of Cheibriados.
             Slain by an ogre
             ... wielding a +0 giant club
              (22 damage)
             ... on level 5 of the Dungeon.
             The game lasted 00:09:26 (4537 turns).

siradein the Bolt Thrower (Naga Hunter)             Turns: 4537, Time: 00:09:27

Health: -1/57      AC:  6    Str: 14    XL:     6   Next: 85%
Magic:  6/6        EV: 10    Int: 11    God:    Cheibriados [......]
Gold:   307        SH:  0    Dex: 17    Spells: 5/5 levels left

rFire   + . .      SeeInvis +   a - +1 hand crossbow
rCold   + . .      Faith    .   (no shield)
rNeg    . . .      Spirit   .   l - +2 leather armour {rC+}
rPois   +          Reflect  .   h - +0 helmet
rElec   .          Harm     .   (no cloak)
rCorr   .          Rampage  .   (no gloves)
Will    .....                   (no barding)
Stlth   ++........              (no amulet)
HPRegen 0.19/turn               j - ring of protection from fire
MPRegen 0.10/turn               (no ring)

@: very slow
A: AC +2, large, see invisible, deformed body, poison resistance, slowness 2,
spit poison 1, naga tail 1
a: Spit Poison, Renounce Religion


You were on level 5 of the Dungeon.
You worshipped Cheibriados.
Cheibriados was noncommittal.
You visited 2 branches of the dungeon, and saw 6 of its levels.

You collected 307 gold pieces.

Inventory:

Hand Weapons
 a - a +1 hand crossbow (weapon)
 s - a +2 dagger of venom
Armour
 h - a +0 helmet (worn)
 l - a +2 leather armour of cold resistance (worn)
Jewellery
 j - a ring of protection from fire (left hand)
 r - an amulet of magic regeneration
Scrolls
 c - a scroll of immolation
 f - 4 scrolls of fog
 g - 2 scrolls of torment {unknown}
 i - a scroll of blinking {unknown}
 k - a scroll of teleportation
 n - a scroll of acquirement {unknown}
 q - 2 scrolls of magic mapping {unknown}
 t - a scroll of vulnerability {unknown}
 w - a scroll of identify {unknown}
 x - a scroll of silence {unknown}
 y - a scroll of fear {unknown}
Potions
 b - 2 potions of degeneration {unknown}
 d - 2 potions of flight {unknown}
 e - 3 potions of magic {unknown}
 m - a potion of attraction {unknown}
 o - a potion of heal wounds {unknown}
 p - 2 potions of mutation {unknown}
 u - a potion of haste {unknown}
 v - a potion of invisibility {unknown}


   Skills:
 + Level 3.7 Fighting
 + Level 4.7 Crossbows
 + Level 2.4 Armour
 + Level 3.2 Dodging
 - Level 1.5 Stealth
 + Level 1.0 Invocations


You had 5 spell levels left.
You didn't know any spells.
Your spell library contained the following spells:

 Spells                   Type           Power      Damage    Failure   Level
 Freeze                   Ice            0%         1d3       41%         1
 Sandblast                Erth           0%         2d4       41%         1
 Passwall                 Tmut/Erth      0%         N/A       54%         2
 Scorch                   Fire           0%         2d5       54%         2
 Frozen Ramparts          Ice            0%         1d2       78%         3
 Gell's Gravitas          Tloc           0%         N/A       78%         3
 Lesser Beckoning         Tloc           0%         N/A       78%         3
 Stone Arrow              Conj/Erth      0%         3d7       78%         3
 Teleport Other           Tloc           0%         N/A       78%         3
 Hailstorm                Conj/Ice       0%         3d3       99%         4
 Sticky Flame             Conj/Fire      0%         2d3       99%         4


Dungeon Overview and Level Annotations

Branches:
Dungeon (5/15)             Temple (1/1) D:5

Altars:
Ashenzari
Cheibriados
Dithmenos
Elyvilon
Fedhas
Hepliaklqana
Okawaru
Qazlal
Ru
Uskayaw
Vehumet
Wu Jian
Xom
Zin
The Shining One


Innate Abilities, Weirdness & Mutations

Your serpentine skin is tough. (AC +2)
You have supernaturally acute eyesight. (SInv)
Armour fits poorly on your strangely shaped body.
Your system is resistant to poisons. (rPois)
You cover ground very slowly.
You can spit poison.
You have a snake-like lower body.


Message History

Aim: an adder (severely wounded, 50% to hit)
You shoot a bolt. The bolt barely misses the adder.
The adder barely misses you. The adder misses you.
Unknown command.
Shoot: a) +1 hand crossbow
Press: ? - help, Q - select action, (/) - cycle Shift-Dir - straight line, f/p - adder
Aim: an adder (severely wounded, 50% to hit)
You shoot a bolt. The bolt hits the adder!
You kill the adder!
Cheibriados thoroughly appreciates the change of pace.
Found a club.
You see here an adder corpse.
y - a scroll labelled ILIMUOT AFIK You hear the brisk rusting of a very distant drain.
You see here a +0 club.
A jelly comes into view.
The jelly quivers.
Shoot: a) +1 hand crossbow
Press: ? - help, Q - select action, (/) - cycle Shift-Dir - straight line, f - jelly
Aim: a jelly (91% to hit)
You shoot a bolt. The bolt hits the jelly!
The jelly is heavily wounded.
The jelly barely misses you.
Shoot: a) +1 hand crossbow
Press: ? - help, Q - select action, (/) - cycle Shift-Dir - straight line, f/p - jelly
Aim: a jelly (heavily wounded, 91% to hit)
You shoot a bolt. The bolt hits the jelly!
You kill the jelly!
Cheibriados thoroughly appreciates the change of pace.
Your Invocations skill increases to level 1!
Found a stone staircase leading up.
Found a stone staircase leading up.
You hear the brisk rusting of a very distant drain.
The ogre shouts!
Found a rapier.
The ogre barely misses you. The ogre hits you with a +0 giant club!
The ogre attacks as you move away!
The ogre hits you with a +0 giant club!!
You die...

####### ###.....#
##...###.#
############..###
#.# .......@.....##
#.## ######..O.####
#..# ##.#.)..
<.####.###
#<.#######.........
...## ######.###
#..# #.### ....
##..... #...
....### #......


You could see an ogre.

Vanquished Creatures
  A scorpion (D:5)
  2 hounds (D:5)
  3 jellies
  An iguana (D:4)
  An orc wizard (D:3)
  4 adders
  2 dart slugs
  5 orcs
  8 ball pythons
  15 endoplasms
  4 giant cockroaches
  5 goblins
  6 hobgoblins
  11 jackals
  7 quokkas
  7 bats
  3 frilled lizards
  7 kobolds
  4 rats
96 creatures vanquished.

Vanquished Creatures (others)
  A fungus (D:3)
  10 toadstools (D:3)
11 creatures vanquished.

Grand Total: 107 creatures vanquished

Notes
Turn   | Place    | Note
-------+----------+-------------------------------------------
     0 | D:1      | siradein the Naga Hunter began the quest for the Orb.
     0 | D:1      | Reached XP level 1. HP: 19/19 MP: 1/1
    82 | D:1      | Reached XP level 2. HP: 26/26 MP: 2/2
   148 | D:1      | Got Sif Muna's Incunabulum of Fire
   192 | D:1      | Reached XP level 3. HP: 16/33 MP: 3/3
   890 | D:2      | Reached skill level 1 in Armour
  1132 | D:2      | Reached skill level 4 in Crossbows
  1257 | D:2      | Reached XP level 4. HP: 40/40 MP: 4/4
  2064 | D:3      | Found an iron altar of Okawaru.
  2235 | D:3      | Reached XP level 5. HP: 45/48 MP: 5/5
  3411 | D:4      | Found a sacrificial altar of Ru.
  3536 | D:4      | Reached XP level 6. HP: 28/56 MP: 6/6
  4248 | D:5      | Entered Level 5 of the Dungeon
  4285 | D:5      | Found a staircase to the Ecumenical Temple.
  4299 | Temple   | Entered the Ecumenical Temple
  4346 | Temple   | Became a worshipper of Cheibriados the Contemplative
  4512 | D:5      | Reached skill level 1 in Invocations
  4537 | D:5      | Slain by an ogre

Illustrated notes

Levels and vault maps discovered:
D:1:      minmay_arrival_diagonal_passages, layout_rooms, minmay_tromino_v4_a
D:2:      layout_loops_ring, minmay_liquid_box
D:3:      cheibrodos_fertilizer, layout_loops_cross,
          lemuel_coloured_pillars_altar
D:4:      layout_basic, old_standard_altar
D:5:      layout_rooms, minmay_temple_entry_mini_moons, portal_sewer_entry_e,
          uniq_ijyb
Temple:   mainiacjoe_temple_bowtie_tessellation

Skill      XL: |  1  2  3  4  5  6 |
---------------+-------------------+-----
Dodging        | 2 3 |  3.2
Armour         | 1 2 |  2.4
Crossbows      | 4 |  4.7
Fighting       | 3 |  3.7
Invocations    | 1 |  1.0
Stealth        | |  1.5

Action                   |  1- 3 |  4- 6 || total
-------------------------+-------+-------++-------
 Fire: Hand crossbow     |   122 |   147 ||   269
 Abil: Spit Poison       |     2 |     4 ||     6
  Use: Scroll            |       |     3 ||     3
Armor: Ring mail         |    44 |       ||    44
       Leather armour    |    11 |    25 ||    36
Dodge: Dodged            |    63 |    53 ||   116

Table legend: (Time is in decaauts)
 A = Elapsed time spent in this place.
 B = Non-inter-level travel time spent in this place.
 C = Inter-level travel time spent in this place.
 D = Time resting spent in this place.
 E = Time spent auto-exploring this place.
 F = Levels seen in this place.
 G = Mean time per level.
                   A        B        C        D        E       F      G
               +--------+--------+--------+--------+--------+-----+--------+
         Total |   5961 |   5727 |    234 |    172 |   4477 |   6 |  993.5 |
       Dungeon |   5846 |   5612 |    234 |    172 |   4477 |   5 | 1169.2 |
        Temple |    115 |    115 |      0 |      0 |      0 |   1 |  115.0 |
               +--------+--------+--------+--------+--------+-----+--------+

Top non-repeatable levels by time:
     D:4: 1719 daAuts
     D:3: 1625 daAuts
     D:2: 1151 daAuts
     D:1: 1015 daAuts
     D:5: 334 daAuts
  Temple: 115 daAuts
